 Dungeon Crawl Stone Soup version 0.26-a0-949-ga0cc1ef5f6 (webtiles) character file.

Game seed: 6038782568817466935

157369 marklar909 the Brawler (level 17, -1/166 HPs)
             Began as a Troll Warper on Nov 28, 2020.
             Was an Initiate of Gozag.
             Killed from afar by a bog body (16 damage)
             ... with a bolt of cold
             ... on level 3 of the Swamp on Nov 29, 2020.
             The game lasted 01:15:08 (33084 turns).

marklar909 the Brawler (Troll Warper)              Turns: 33084, Time: 01:15:08

Health: -1/166     AC: 16    Str: 24    XL:     17   Next: 12%
Magic:  18/18      EV: 16    Int:  9    God:    Gozag
Gold:   4500       SH: 19    Dex: 13    Spells: 11/19 levels left

rFire    + . .     SeeInvis +     - Unarmed
rCold    + . .     Faith    .   R - +2 kite shield {AC+3}
rNeg     . . .     Spirit   .   E - +2 robe {rC+ rF+}
rPois    +         Reflect  +   z - +2 hat
rElec    .         Harm     .   G - +2 cloak
rCorr    .         Rampage  .   (gloves unavailable)
MR       ++...                  (boots unavailable)
Stlth    ++........             F - amulet of reflection
HPRegen  0.77/turn              k - ring of Ywid {rPois MR+}
MPRegen  0.16/turn              l - ring of see invisible

@: gold aura
A: large, unfitting armour, claws 3, regeneration 1, shaggy fur 1, tough skin 3
a: Potion Petition, Call Merchant, Bribe Branch, Renounce Religion


You were on level 3 of the Swamp.
You worshipped Gozag.
Gozag was most pleased with you.
You visited 5 branches of the dungeon, and saw 28 of its levels.
You also visited: Sewer and Bailey.

You collected 12236 gold pieces.
You spent 2107 gold pieces at shops.
You paid 5629 gold pieces to Gozag.

Inventory:

Hand Weapons
 d - the +8 mithril axe "Arga" {speed, MR+}
   (You found it on level 6 of the Lair of Beasts)

   Attacks with this weapon are significantly faster.
   It affects your resistance to hostile enchantments.
Missiles
 J - 17 large rocks (quivered)
 Q - 20 javelins
Armour
 z - a +2 hat (worn)
 E - a +2 robe of resistance (worn)
 G - a +2 cloak (worn)
 R - a +2 kite shield of protection (worn)
Jewellery
 k - the ring of Ywid (left claw) {rPois MR+}
   (You acquired it in a bailey)

   [ring of protection from magic]

   It protects you from poison.
   It affects your resistance to hostile enchantments.
 l - a ring of see invisible (right claw)
 r - an uncursed ring of protection from magic
 y - an uncursed ring of resist corrosion {unknown}
 A - a +6 ring of intelligence
 F - an amulet of reflection (around neck)
 N - a cursed -4 ring of evasion {unknown}
 T - an uncursed ring of stealth {unknown}
 U - an uncursed ring of protection from magic
Wands
 a - a wand of paralysis (22)
 p - a wand of flame (5)
 t - a wand of enslavement (19)
 v - a wand of disintegration (25)
 C - a wand of iceblast (8)
 O - a wand of digging (1)
Scrolls
 b - 5 scrolls of magic mapping
 c - 2 scrolls of blinking
 e - 18 scrolls of teleportation
 g - 8 scrolls of remove curse
 i - 9 scrolls of identify
 j - 6 scrolls of immolation
 n - 6 scrolls of fog
 x - 4 scrolls of enchant armour
 H - 8 scrolls of amnesia
 L - 2 scrolls of enchant weapon
 P - a scroll of brand weapon {unknown}
Potions
 f - 3 potions of cancellation
 h - 12 potions of curing
 m - 6 potions of brilliance
 o - 11 potions of flight
 q - 3 potions of might
 s - 5 potions of mutation
 u - a potion of magic
 B - 7 potions of attraction
 D - 4 potions of lignification
 I - 6 potions of heal wounds
 K - 3 potions of resistance
 M - 4 potions of ambrosia
 V - a potion of haste
Miscellaneous
 w - a lightning rod (1/4)
 S - a phial of floods


   Skills:
 * Level 10.0 Fighting
 * Level 9.6 Throwing
 + Level 1.0 Armour
 * Level 11.9 Dodging
 + Level 3.9 Stealth
 * Level 12.1 Shields
 + Level 15.7 Unarmed Combat
 - Level 1.5 Spellcasting
 + Level 4.7 Translocations
 + Level 4.7 Evocations


You had 11 spell levels left.
You knew the following spells:

 Your Spells              Type           Power        Failure   Level
a - Blink                 Tloc           N/A          8%          2
b - Lesser Beckoning      Tloc           #.........   16%         3
c - Teleport Other        Tloc           #.......     16%         3

Your spell library contained the following spells:

 Spells                   Type           Power        Failure   Level
 Gell's Gravitas          Tloc           #.........   16%         3
 Beastly Appendage        Tmut           #.....       34%         1
 Corona                   Hex            #......      34%         1
 Sandblast                Erth           #.....       34%         1
 Sting                    Tmut/Pois      #...         34%         1
 Passage of Golubria      Tloc           N/A          45%         4
 Corpse Rot               Necr/Air       N/A          47%         2
 Ensorcelled Hibernation  Hex/Ice        #.....       47%         2
 Passwall                 Tmut/Erth      #.......     47%         2
 Poisonous Vapours        Pois/Air       #.....       47%         2
 Sublimation of Blood     Necr           #.........   47%         2
 Wereblood                Tmut           #.......     47%         2
 Confusing Touch          Hex            #.......     71%         3
 Dazzling Flash           Conj/Hex       #.....       71%         3
 Ignite Poison            Fire/Tmut/Pois #.......     71%         3
 Mephitic Cloud           Conj/Pois/Air  #.......     71%         3
 Spider Form              Tmut/Pois      #.........   71%         3
 Static Discharge         Conj/Air       #.......     71%         3
 Stone Arrow              Conj/Erth      #.....       71%         3
 Tukima's Dance           Hex            #.......     71%         3
 Dispel Undead            Necr           #.......     98%         4
 Ice Form                 Ice/Tmut       #.......     98%         4
 Olgreb's Toxic Radiance  Pois           #.......     98%         4
 Petrify                  Tmut/Erth      #.......     98%         4
 Agony                    Necr           #.......     100%        5
 Blade Hands              Tmut           #.........   100%        5
 Excruciating Wounds      Necr           #.........   100%        5
 Lee's Rapid Deconstruct  Erth           #.........   100%        5
 Lightning Bolt           Conj/Air       #.........   100%        5
 Malign Gateway           Summ/Tloc      #.........   100%        7
 Monstrous Menagerie      Summ           #.........   100%        7
 Summon Greater Demon     Summ           #.........   100%        7
 Ignition                 Fire           #.........   100%        8
 Summon Horrible Things   Summ           #.........   100%        8
 Shatter                  Erth           #.........   100%        9
 Tornado                  Air            #.........   100%        9


Dungeon Overview and Level Annotations

Branches:
Dungeon (15/15)            Temple (1/1) D:5            Lair (6/6) D:9
  Swamp (4/4) Lair:2        Snake (0/4) Lair:4        Slime (0/5) Lair:5
    Orc (2/2) D:11            Elf (0/3) Orc:2        Vaults (0/5) D:13
 Depths (0/5) D:15          Sewer (visited)          Bailey (visited)

Altars:
Ashenzari
Cheibriados
Dithmenos
Elyvilon
Fedhas
Gozag
Hepliaklqana
Kikubaaqudgha
Makhleb
Nemelex Xobeh
Okawaru
Qazlal
Ru
Sif Muna
Trog
Uskayaw
Vehumet
Wu Jian
Xom
Yredelemnul
Zin
The Shining One
Beogh
Jiyva

Shops:
D:5 :(*   D:6 =   D:11 [   D:12 !   Orc:2 [(=!

Annotations:
D:13 3 runed translucent doors, Xyoprad's ghost, journeyman FoFi
Lair:3 exclusion: ice statue
Swamp:2 3 runed translucent doors, Hubra's ghost, adept FoAK; ThatOtherGuy53's ghost, adept HOMo; gowby's ghost, adept BaIE


Innate Abilities, Weirdness & Mutations

You are too large for most types of armour.
You have claws for hands.
Your natural rate of healing is unusually fast.
You are covered in fur. (AC +1)
You have extremely tough skin. (AC +3)


Message History

* * * LOW HITPOINT WARNING * * *
You block the nine-headed hydra's attack.
The nine-headed hydra bites you.
* * * LOW HITPOINT WARNING * * *
Unknown command.
Evoke which item? (* to show all) (? for menu, Esc to quit)
Aiming: Thunderbolt
Press: ? - help, Shift-Dir - straight line, f/p - nine-headed hydra
Aim: a nine-headed hydra (almost dead)
The thunderbolt hits the bog body.
The bog body is severely damaged.
The thunderbolt hits the nine-headed hydra!
You kill the nine-headed hydra!
Unknown command.
Unknown command.
Unknown command.
The bog body points at you and mumbles some strange words.
The bolt of cold hits you! You resist.
You die...
Your body crumbles into a pile of gold.

≈.♣ ♣♣♣♣≈♣ ♣♣.≈≈≈≈♣§.♣
♣♣♣
..♣♣♣♣≈≈.≈♣♣♣♣.≈§≈≈≈≈<♣♣
≈≈.≈..≈♣≈.≈♣♣..≈≈.≈≈.>♣
≈.≈≈≈≈≈.≈≈.≈..≈≈≈≈....♣
.≈♣≈§≈≈.≈≈≈♣≈≈≈≈≈≈≈...♣
≈≈≈.≈...≈≈≈.≈.≈≈♣≈....♣
≈≈≈≈.♣.≈≈≈♣.≈≈.≈≈....≈♣
..≈≈.♣.≈≈≈≈≈≈≈≈♣.§..≈≈♣
§.≈≈.♣≈≈≈≈≈≈≈♣§≈@≈≈≈.♣♣
≈....♣♣≈≈♣.≈...○≈≈...♣
≈≈≈♣≈♣♣.≈≈≈>..§≈.≈≈.≈♣
♣♣♣
≈.≈≈≈♣♣≈≈..≈≈n.≈≈≈≈≈≈♣
♣♣.♣♣♣
.≈≈≈≈♣♣.≈≈≈....≈♣..≈.♣
♣..§≈♣♣
♣..≈.♣♣♣≈≈≈(....≈.≈≈.♣
♣♣..≈.♣♣♣ ♣♣≈≈.♣
♣≈≈≈....≈≈....♣ ♣♣♣...♣.
♣≈≈.♣ ♣.≈>....≈.....♣
♣...≈.. ♣♣§.♣
♣♣≈≈≈≈≈.≈..≈≈♣♣ ♣♣≈.≈.§


You could see a bog body.

Vanquished Creatures
  Rupert (Lair:6)
  Gastronok (D:8)
  A thorn hunter (Swamp:3)
  2 stone giants
  Nessos (D:15)
  4 bunyips
  2 dire elephants (Lair:6)
  An ettin (Orc:1)
  Snorg (Lair:5)
  7 eleionomae
  A fire dragon (Lair:6)
  A boulder beetle (D:14)
  18 hydras
  2 vault guards (D:13)
  2 catoblepae (Lair:6)
  3 centaur warriors
  A ghost crab (Swamp:4)
  Erica (D:9)
  4 alligators
  12 two-headed ogres
  13 death yaks
  2 ogre magi (D:15)
  3 orc high priests (Orc:2)
  2 tengu warriors
  A fire crab (shapeshifter) (D:13)
  12 skeletal warriors
  An unseen horror (D:13)
  4 goliath frogs
  A swamp dragon (shapeshifter) (D:15)
  2 bog bodies (Swamp:1)
  3 lindwurms (Lair:6)
  A wizard (D:13)
  7 swamp dragons
  A spriggan druid (Swamp:2)
  A necromancer (D:13)
  4 deep elf magi
  7 ugly things
  5 orc knights
  4 orc sorcerers (Orc:2)
  3 will-o-the-wisps
  A salamander (D:15)
  4 cyclopes
  6 manticores
  6 elephants (Lair:3)
  Joseph (D:10)
  A centaur zombie (D:14)
  2 black mambas (Lair:6)
  2 torpor snails
  Maggie (D:8)
  A gargoyle (D:9)
  15 cane toads
  An efreet (D:15)
  13 komodo dragons
  4 rime drakes (Lair:6)
  A freezing wraith (Lair:3)
  3 kobold demonologists
  13 trolls
  6 tyrant leeches
  A bloated husk (Swamp:1)
  7 polar bears
  A hornet (shapeshifter) (D:14)
  Prince Ribbit (D:8)
  6 dream sheep (Lair:5)
  6 hornets
  10 blink frogs
  A slime creature (D:12)
  5 spriggans
  Sigmund (D:4)
  A shadow (D:12)
  33 yaks
  A water elemental (D:15)
  2 wraiths
  8 basilisks
  10 wyverns
  A vampire (D:11)
  20 humans (D:13)
  2 steam dragons (Lair:6)
  8 vampire mosquitoes
  3 wargs (Orc:2)
  5 nagas (Lair:4)
  18 swamp worms
  12 water moccasins
  2 floating eyes (D:12)
  5 acid dragons
  7 swamp drakes
  5 black bears
  16 ice beasts
  A hornet zombie (D:12)
  A necrophage (D:10)
  13 ogres
  2 eyes of draining
  3 phantoms
  6 sky beasts
  40 orc warriors
  28 wolves
  A tengu (Bailey)
  24 centaurs
  9 big kobolds
  Blork the orc (D:5)
  24 bullfrogs
  4 scorpions
  9 killer bees
  29 wights
  2 bullfrog zombies
  6 jellies
  25 orc wizards
  25 orc priests
  4 bullfrog skeletons
  4 hounds
  2 centaur skeletons
  Ijyb (D:3)
  8 iguanas
  13 worker ants
  A worker ant zombie (D:7)
  14 adders
  3 gnolls (D:5)
  A howler monkey skeleton (D:7)
  A river rat (D:4)
  A shadow imp (D:5)
  5 white imps
  4 ufetubi
  3 oozes (Sewer)
  11 worms
  2 dart slugs (D:3)
  5 leopard geckos
  122 orcs
  4 bat zombies (D:4)
  6 giant cockroaches
  6 goblins
  6 hobgoblins
  14 jackals
  5 quokkas
  6 ball pythons
  10 bats
  7 frilled lizards
  68 kobolds
  2 leopard gecko skeletons
  A quokka skeleton (D:5)
  8 rats
  4 rat zombies (D:4)
1027 creatures vanquished.

Vanquished Creatures (others)
  An eleionoma (Swamp:4)
  A swamp dragon (Swamp:4)
  A bloated husk (Swamp:1)
  A swamp worm (Swamp:1)
  An orc (Bailey)
  2 kobolds (D:11)
  4 bushes
  10 foxfires
  25 fungi
  46 plants
92 creatures vanquished.

Grand Total: 1119 creatures vanquished

Notes
Turn   | Place    | Note
-------+----------+-------------------------------------------
     0 | D:1      | marklar909 the Troll Warper began the quest for the Orb.
     0 | D:1      | Reached XP level 1. HP: 19/19 MP: 1/1
   212 | D:1      | Found a sparkling altar of Nemelex Xobeh.
   235 | D:1      | Reached XP level 2. HP: 25/27 MP: 3/3
   618 | D:2      | Reached XP level 3. HP: 35/35 MP: 4/4
  1150 | D:3      | Noticed Ijyb
  1168 | D:3      | Killed Ijyb
  1169 | D:3      | Reached XP level 4. HP: 24/42 MP: 5/5
  1212 | D:3      | Reached skill level 3 in Unarmed Combat
  1329 | D:3      | Noticed a bullfrog
  1339 | D:3      | Killed a bullfrog
  1340 | D:3      | Reached skill level 4 in Unarmed Combat
  1340 | D:3      | Reached XP level 5. HP: 34/49 MP: 6/6
  1352 | D:3      | Learned a level 2 spell: Blink
  1356 | D:3      | Learned a level 3 spell: Lesser Beckoning
  1825 | D:3      | Found a shimmering altar of Xom.
  1887 | D:4      | Noticed a phantom
  1900 | D:4      | Killed a phantom
  1901 | D:4      | Reached skill level 1 in Throwing
  1901 | D:4      | Reached XP level 6. HP: 57/57 MP: 7/7
  1992 | D:4      | Noticed Sigmund
  1998 | D:4      | Killed Sigmund
  1999 | D:4      | Reached skill level 5 in Unarmed Combat
  2289 | D:4      | Reached XP level 7. HP: 65/65 MP: 8/8
  2302 | D:4      | Found a glowing drain.
  2493 | Sewer    | Entered a sewer
  3258 | D:4      | Found an ancient bone altar of Kikubaaqudgha.
  3490 | D:5      | Entered Level 5 of the Dungeon
  3513 | D:5      | Found a staircase to the Ecumenical Temple.
  3543 | Temple   | Entered the Ecumenical Temple
  3614 | Temple   | Became a worshipper of Gozag Ym Sagoz the Greedy
  3633 | D:5      | Reached skill level 6 in Unarmed Combat
  3659 | D:5      | Found Vysuma's Weapon Emporium.
  3739 | D:5      | Found Rivogg's General Store.
  3747 | D:5      | Bought a potion of might for 48 gold pieces
  3747 | D:5      | Bought a potion of lignification for 36 gold pieces
  4129 | D:5      | Noticed Blork the orc
  4349 | D:5      | Reached XP level 8. HP: 48/74 MP: 9/9
  4622 | D:5      | Reached skill level 7 in Unarmed Combat
  4651 | D:5      | Reached skill level 5 in Dodging
  4879 | D:5      | Killed Blork the orc
  4914 | D:5      | Found Qegips's Book Boutique.
  5076 | D:5      | Reached skill level 8 in Unarmed Combat
  5366 | D:5      | Reached XP level 9. HP: 38/83 MP: 10/10
  5597 | D:5      | Learned a level 3 spell: Teleport Other
  5698 | D:6      | Found Uprijidgh's Jewellery Emporium.
  5711 | D:6      | Bought an uncursed ring of see invisible for 165 gold
                  | pieces
  5711 | D:6      | Bought an uncursed amulet of reflection for 330 gold pieces
  6267 | D:6      | Reached skill level 1 in Stealth
  6877 | D:7      | Reached skill level 1 in Shields
  6877 | D:7      | Reached skill level 9 in Unarmed Combat
  6877 | D:7      | Found a flagged portal.
  6949 | D:7      | Found a radiant altar of Vehumet.
  7091 | Bailey   | Entered a bailey
  7797 | Bailey   | Reached XP level 10. HP: 44/93 MP: 11/11
  8646 | Bailey   | Reached skill level 1 in Evocations
  8926 | Bailey   | Identified a scroll of acquirement
  8926 | Bailey   | Acquired the ring of Ywid {rPois MR+}
  9379 | D:8      | Noticed Prince Ribbit
  9381 | D:8      | Noticed Maggie
  9465 | D:8      | Paralysed by Maggie for 4 turns
  9474 | D:8      | Killed Maggie
  9475 | D:8      | Reached skill level 10 in Unarmed Combat
  9514 | D:8      | Noticed Gastronok
  9529 | D:8      | Killed Gastronok
  9530 | D:8      | Reached skill level 5 in Fighting
  9597 | D:8      | Killed Prince Ribbit
  9603 | D:8      | Noticed a two-headed ogre
  9608 | D:8      | Killed a two-headed ogre
  9609 | D:8      | Reached XP level 11. HP: 83/104 MP: 12/12
  9655 | D:8      | Reached skill level 11 in Unarmed Combat
 10087 | D:8      | Found a shadowy altar of Dithmenos.
 10264 | D:9      | Found a bloodstained altar of Trog.
 10318 | D:9      | Found a shadowy altar of Dithmenos.
 10686 | D:9      | Found a stormy altar of Qazlal.
 10686 | D:9      | Found a shimmering blue altar of Sif Muna.
 10694 | D:9      | Noticed a death yak
 10696 | D:9      | Noticed a death yak
 10701 | D:9      | Noticed a death yak
 10708 | D:9      | Killed a death yak
 10722 | D:9      | Killed a death yak
 10747 | D:9      | Killed a death yak
 10863 | D:9      | Found a staircase to the Lair.
 11188 | D:9      | Noticed Erica
 11204 | D:9      | Killed Erica
 11308 | D:9      | Found a sacrificial altar of Ru.
 11539 | D:10     | Entered Level 10 of the Dungeon
 12014 | D:10     | Noticed Joseph
 12022 | D:10     | Killed Joseph
 12287 | D:11     | Found Keiseat's Antique Armour Boutique.
 12297 | D:11     | Reached skill level 12 in Unarmed Combat
 12309 | D:11     | Reached XP level 12. HP: 19/114 MP: 13/13
 12444 | D:11     | Bought a glowing kite shield for 232 gold pieces
 13116 | D:11     | Reached skill level 5 in Shields
 13298 | D:11     | Found a roughly hewn altar of Beogh.
 13302 | D:11     | Found a staircase to the Orcish Mines.
 13829 | Lair:1   | Entered Level 1 of the Lair of Beasts
 13941 | Lair:1   | Noticed a five-headed hydra
 13951 | Lair:1   | Killed a five-headed hydra
 15318 | Lair:3   | Noticed an eight-headed hydra
 15368 | Lair:2   | Killed an eight-headed hydra
 15549 | Lair:2   | Found a staircase to the Swamp.
 15851 | Lair:3   | Noticed a six-headed hydra
 15869 | Lair:3   | Killed a six-headed hydra
 15870 | Lair:3   | Reached XP level 13. HP: 104/124 MP: 14/14
 16322 | Lair:3   | Reached skill level 13 in Unarmed Combat
 17112 | Lair:4   | Found a staircase to the Snake Pit.
 17920 | Lair:5   | Noticed Snorg
 17981 | Lair:5   | Killed Snorg
 18121 | Lair:5   | Reached skill level 5 in Throwing
 18858 | Lair:5   | Found a viscous altar of Jiyva.
 18862 | Lair:5   | Found a staircase to the Slime Pits.
 19213 | Lair:6   | Entered Level 6 of the Lair of Beasts
 19279 | Lair:6   | Noticed a dire elephant
 19303 | Lair:6   | Killed a dire elephant
 19304 | Lair:6   | Reached XP level 14. HP: 107/135 MP: 15/15
 20348 | Lair:6   | Reached skill level 10 in Dodging
 20385 | Lair:6   | Noticed Rupert
 20735 | Lair:6   | Reached skill level 14 in Unarmed Combat
 20771 | Lair:6   | Killed Rupert
 21126 | Lair:6   | Found the +8 mithril axe "Arga" {speed, MR+}
 21420 | Orc:1    | Entered Level 1 of the Orcish Mines
 21534 | Orc:1    | Noticed a stone giant
 21546 | Orc:1    | Killed a stone giant
 21731 | Orc:2    | Entered Level 2 of the Orcish Mines
 21731 | Orc:2    | Noticed a stone giant
 21748 | Orc:2    | Killed a stone giant
 22084 | Orc:1    | Reached skill level 1 in Armour
 22244 | Orc:1    | Reached XP level 15. HP: 145/145 MP: 16/16
 23340 | Orc:2    | Found a staircase to the Elven Halls.
 23386 | Orc:2    | Found Woare's Weapon Emporium.
 23390 | Orc:2    | Found Ruhun's Distillery.
 23395 | Orc:2    | Found Fan Ips's Jewellery Boutique.
 23400 | Orc:2    | Found Deananopn's Armour Emporium.
 23412 | Orc:2    | Bought a potion of might for 64 gold pieces
 23412 | Orc:2    | Bought a potion of haste for 160 gold pieces
 23412 | Orc:2    | Bought a potion of might for 64 gold pieces
 23412 | Orc:2    | Bought a potion of heal wounds for 80 gold pieces
 23412 | Orc:2    | Bought a potion of heal wounds for 80 gold pieces
 23412 | Orc:2    | Bought a potion of mutation for 128 gold pieces
 23601 | D:12     | Reached skill level 10 in Shields
 23771 | D:12     | Paralysed by a floating eye for 3 turns
 23786 | D:12     | Paralysed by a floating eye for 3 turns
 23973 | D:12     | Found Puewkix's Distillery.
 23977 | D:12     | Bought a potion of heal wounds for 80 gold pieces
 23977 | D:12     | Bought a potion of curing for 48 gold pieces
 23977 | D:12     | Bought a potion of heal wounds for 80 gold pieces
 23977 | D:12     | Bought a potion of curing for 48 gold pieces
 23977 | D:12     | Bought a potion of berserk rage for 80 gold pieces
 23977 | D:12     | Bought a potion of might for 64 gold pieces
 23977 | D:12     | Bought a potion of resistance for 160 gold pieces
 23977 | D:12     | Bought a potion of resistance for 160 gold pieces
 25186 | D:13     | Found a gate to the Vaults.
 25663 | D:13     | Found a runed translucent gate.
 25663 | D:13     | Found a runed translucent gate.
 25663 | D:13     | Found an ancient bone altar of Kikubaaqudgha.
 25664 | D:13     | Found a runed translucent gate.
 25664 | D:13     | Noticed Xyoprad's ghost (journeyman FoFi)
 25665 | D:13     | Noticed a lich
 25665 | D:13     | Noticed a lich
 25666 | D:13     | Noticed a lich
 25666 | D:13     | Noticed a lich
 26102 | D:14     | Found a snail-covered altar of Cheibriados.
 26656 | D:15     | Entered Level 15 of the Dungeon
 26770 | D:15     | Found a staircase to the Depths.
 26934 | D:15     | Noticed Nessos
 26942 | D:15     | Killed Nessos
 27104 | D:15     | Reached XP level 16. HP: 156/156 MP: 17/17
 27175 | D:15     | Reached skill level 15 in Unarmed Combat
 27259 | D:15     | Found a white marble altar of Elyvilon.
 27547 | D:15     | Found a hazy altar of Hepliaklqana.
 28146 | D:15     | Found a sparkling altar of Nemelex Xobeh.
 28300 | D:15     | Upgraded the game from 0.26-a0-940-gf7e0b5f775 to
                  | 0.26-a0-949-ga0cc1ef5f6
 28537 | Swamp:1  | Entered Level 1 of the Swamp
 30601 | Swamp:2  | Found a runed translucent gate.
 30601 | Swamp:2  | Found a runed translucent gate.
 30601 | Swamp:2  | Found a runed translucent gate.
 30601 | Swamp:2  | Noticed gowby's ghost (adept BaIE)
 30601 | Swamp:2  | Noticed ThatOtherGuy53's ghost (adept HOMo)
 30601 | Swamp:2  | Noticed Hubra's ghost (adept FoAK)
 30735 | Swamp:3  | Noticed a thorn hunter
 30747 | Swamp:3  | Killed a thorn hunter
 31643 | Swamp:4  | Entered Level 4 of the Swamp
 32194 | Swamp:4  | Reached skill level 10 in Fighting
 32286 | Swamp:4  | Reached XP level 17. HP: 164/166 MP: 18/18
 33084 | Swamp:3  | Killed from afar by a bog body

Illustrated notes

Levels and vault maps discovered:
D:1:      onia_arrival_mini_spirals, layout_loops_ring,
          nemelex_xobeh_ov_fountains_minmay
D:2:      layout_rooms
D:3:      layout_rooms, lemuel_coloured_pillars_altar, uniq_ijyb
D:4:      layout_basic, lemuel_zombie_altar_kikubaaqudgha,
          gup_sewer_entry_bubbles, hangedman_abyss_or_decor_passed,
          minmay_statues_item, uniq_sigmund
D:5:      minmay_goblin_kobold_castle, layout_basic,
          minmay_temple_entry_crystal_x, serial_shops, shop, nicolae_shop_trees,
          shop_coins, uniq_blork_the_orc
D:6:      kennysheep_kobold_camp, layout_loops_cross, serial_shops,
          nicolae_shop_waterfront
D:7:      layout_cave_pools, lemuel_crystal_altar, enter_bailey_2,
          minmay_misc_feat_nine_boxes
D:8:      layout_loops_ring, kennysheep_mini_moat, uniq_prince_ribbit1,
          uniq_maggie, uniq_gastronok
D:9:      layout_gridville, trog_ov_bears_minmay, overflow_temple_1_default,
          gammafunk_temple_overflow_statue, dpeg_lair_monsters,
          nicolae_dithmenos_the_darkroom, uniq_erica
D:10:     layout_roguey, uniq_joseph
D:11:     layout_rooms, david_orc_5, serial_shops,
          nicolae_shop_overgrown_old_shop, kb_lookout_dungeons_type
D:12:     layout_cross, serial_shops, nicolae_shop_behind_doors, serial_park,
          serial_park_square3 [serial_park_minivault_5x5_7], serial_park_tiny_2,
          serial_park_square2, serial_park_square3
          [serial_park_minivault_5x5_2], serial_park_tiny_1, onia_ninara_cookie
D:13:     layout_roguey, grunt_vaults_entry_tiered, gammafunk_ghost_crypt,
          minmay_three_doors
D:14:     layout_loops_ring, lemuel_crystal_altar
D:15:     hangedman_depths_entry_try_elsewhere_first, layout_gridville,
          basic_altar, elyvilon_altar_1, chequers_decorated_corner,
          kennysheep_flooded_box, minmay_stone_trees_small, uniq_nessos
Temple:   eino_temple_lava
Lair:1:   beast_lair_carwin_large_2, layout_chaotic_city
Lair:2:   layout_regular_city, minmay_swamp_entry_worms, grunt_megastairs_3
Lair:3:   layout_hall_layers, ice2_lemuel, grunt_megastairs_4
Lair:4:   layout_big_grid, minmay_snake_entry_guardpost_medium
Lair:5:   layout_cave_pods, slime_altar_1, uniq_snorg
Lair:6:   guppyfry_lair_end_dragon, layout_regular_city,
          hangedman_lair_in_review, uniq_rupert
Swamp:1:  layout_basic_swamp, evilmike_swamp_ruin_house_4
Swamp:2:  layout_basic_swamp, gammafunk_ghost_cemetery,
          evilmike_swamp_ruin_rubble_1, swamp_pool5, nicolae_swamp_triple_paths
Swamp:3:  layout_falls_marsh, evilmike_swamp_ruin_house_1,
          infiniplex_staircase_pool
Swamp:4:  swamp, layout_basic_swamp, swamp_pool2, nicolae_swamp_fairy_circle
Orc:1:    layout_caves
Orc:2:    st_orc_elflike, layout_caves, nicolae_orc_damp_corner

Skill      XL: |  1  2  3  4  5  6  7  8  9 10 11 12 13 14 15 16 |
---------------+-------------------------------------------------+-----
Dodging        | 2 3 4 5 6 7 8 9 10 11 | 11.9
Unarmed Combat | 4 5 6 8 9 10 12 13 14 15 | 15.7
Throwing       | 1 3 5 6 8 9 |  9.6
Fighting       | 2 3 4 5 6 7 8 9 10 | 10.0
Translocations | 3 4 |  4.7
Stealth        | 1 2 3 |  3.9
Shields        | 1 3 4 6 8 9 10 12 | 12.1
Evocations     | 1 2 3 4 |  4.7
Armour         | 1 |  1.0
Spellcasting   | |  1.5

Action                   |  1- 3 |  4- 6 |  7- 9 | 10-12 | 13-15 | 16-18 || total
-------------------------+-------+-------+-------+-------+-------+-------++-------
Melee: Unarmed           |    93 |    94 |   561 |   824 |  1514 |   550 ||  3636
       Punch             |       |     2 |    23 |    19 |       |       ||    44
Throw: Boomerang         |       |     5 |       |     3 |       |       ||     8
       Javelin           |       |       |       |    57 |   188 |    30 ||   275
       Large rock        |       |       |       |    16 |    25 |   120 ||   161
 Cast: Blink             |       |     4 |     1 |       |       |       ||     5
Invok: Potion Petition   |       |       |       |     4 |     9 |     4 ||    17
Evoke: Wand              |       |       |    20 |    27 |     6 |     1 ||    54
       Lightning rod     |       |       |       |     7 |     9 |     3 ||    19
       Phial of floods   |       |       |       |       |       |     1 ||     1
  Use: Scroll            |     1 |       |    14 |    13 |     4 |     5 ||    37
       Potion            |       |       |     6 |     9 |     8 |     7 ||    30
 Stab: Sleeping          |     2 |       |       |     2 |    10 |       ||    14
       Invisible         |       |       |     4 |    10 |     9 |       ||    23
       Distracted        |       |       |     2 |     6 |     7 |       ||    15
       Petrified         |       |       |       |       |     4 |       ||     4
       Paralysed         |       |       |       |       |     6 |       ||     6
Armor: Robe              |    40 |    30 |   131 |   174 |   303 |   149 ||   827
Dodge: Dodged            |    48 |    78 |   295 |   347 |   533 |   271 ||  1572
Block: Other             |       |       |    57 |    76 |       |       ||   133
       Reflection        |       |       |     1 |     5 |    53 |    14 ||    73
       Kite shield       |       |       |       |   316 |  1363 |   496 ||  2175

Table legend: (Time is in decaauts)
 A = Elapsed time spent in this place.
 B = Non-inter-level travel time spent in this place.
 C = Inter-level travel time spent in this place.
 D = Time resting spent in this place.
 E = Time spent auto-exploring this place.
 F = Levels seen in this place.
 G = Mean time per level.
                   A        B        C        D        E       F      G
               +--------+--------+--------+--------+--------+-----+--------+
         Total |  32919 |  31066 |   1853 |   2459 |  21009 |  30 | 1097.3 |
       Dungeon |  16078 |  14927 |   1151 |    541 |  10825 |  15 | 1071.9 |
        Temple |     79 |     55 |     24 |      0 |     54 |   1 |   79.0 |
          Lair |   7839 |   7466 |    373 |    607 |   5068 |   6 | 1306.5 |
         Swamp |   4373 |   4181 |    192 |    810 |   2594 |   4 | 1093.2 |
  Orcish Mines |   2024 |   1913 |    111 |    108 |   1290 |   2 | 1012.0 |
         Sewer |    537 |    537 |      0 |      0 |    403 |   1 |  537.0 |
        Bailey |   1985 |   1985 |      0 |    391 |    774 |   1 | 1985.0 |
               +--------+--------+--------+--------+--------+-----+--------+

Top non-repeatable levels by time:
     D:5: 2046 daAuts
  Bailey: 1985 daAuts
  Lair:6: 1930 daAuts
    D:15: 1596 daAuts
 Swamp:3: 1552 daAuts
  Lair:5: 1490 daAuts
    D:11: 1450 daAuts
  Lair:2: 1433 daAuts
    D:13: 1431 daAuts
     D:9: 1327 daAuts
  Lair:3: 1224 daAuts
     D:4: 1216 daAuts
     D:6: 1138 daAuts
   Orc:2: 1125 daAuts
 Swamp:1: 1009 daAuts
